Cogmind - Beta 14 @@@ ROGUE MODE // 2024.11.19 @ 22:18:30 Player: Elisius Result: Destroyed by IB-1W8(R) with Subdweller Laser Performance ------------- Evolutions (0) 0 Regions Visited (2) 400 Robots Destroyed (19) 95 Value Destroyed (398) 398 Prototype IDs (0) 0 Alien Tech Used (0) 0 Bonus (0) 0 TOTAL SCORE: 893 Bonus ------- None Cogmind --------- Core Integrity 0/250 Matter 300/300 Energy 250/250 System Corruption 2% Temperature Cool (6) Movement Walking (190) Ox1 Location -10/Subcaves Parts ------- > --- POWER (1) -------- Ion Engine > --- PROPULSION (2) --- Myomer Leg > --- UTILITY (2) ------ Scrap Shield > --- WEAPON (2) ------- Particle Cannon > --- INVENTORY (5) ---- Medium Matter Pod (100) Weight Redist. System Light Armor Plating Improved Light Cannon Peak State ------------ > --- POWER ------------ Ion Engine > --- PROPULSION ------- Myomer Leg Hover Unit > --- UTILITY ---------- Scrap Shield > --- WEAPON ----------- Particle Cannon Improved Light Cannon > --- INVENTORY -------- Hover Unit Medium Matter Pod Weight Redist. System Light Armor Plating Improved Light Cannon [Rating: 17] Favorites ----------- Power Ion Engine Engine Ion Engine Propulsion Hover Unit Leg Aluminum Leg Wheel Wheel Hover Unit Hover Unit Flight Unit Flight Unit Utility Large Storage Unit Device Heat Sink Storage Large Storage Unit Processor Targeting Computer Protection Scrap Shield Weapon Particle Cannon Energy Cannon Particle Cannon Ballistic Gun Light Assault Rifle Ballistic Cannon Improved Light Cannon Build | -11 -10 -10 ------- Run | Yrd Mat Sub Slots Evolved . | . . . Power . | . . . Propulsion . | . . . Utility . | . . . Weapon . | . . . Parts Attached 28 | 6 19 3 Power 3 | 1 2 . Engine 3 | 1 2 . Core . | . . . Reactor . | . . . Propulsion 11 | 2 8 1 Treads . | . . . Leg 5 | . 4 1 Wheel 2 | 2 . . Hover 2 | . 2 . Flight 2 | . 2 . Utility 7 | 1 4 2 Device 2 | 1 1 . Storage 2 | . 1 1 Processor 2 | . 2 . Hackware . | . . . Protection 1 | . . 1 Artifact . | . . . Weapon 7 | 2 5 . Energy Gun . | . . . Energy Cannon 1 | . 1 . Ballistic Gun 5 | 2 3 . Ballistic Cannon 1 | . 1 . Launcher . | . . . Special Weapon . | . . . Impact Weapon . | . . . Slashing Weapon . | . . . Piercing Weapon . | . . . Special Melee Weapon . | . . . Unidentified Prototypes . | . . . Parts Lost 8 | . 7 1 Power 1 | . 1 . Propulsion 3 | . 3 . Utility 1 | . 1 . Weapon 3 | . 2 1 Highest Loss Streak 6 | . 6 1 To Critical Strikes 1 | . . 1 Average Slot Usage (%) 90 | . 95 78 Engine 13 | . 13 14 Leg 8 | . 8 7 Wheel 1 | . 2 . Hover 14 | . 15 12 Device 3 | . 5 . Storage 7 | . 10 2 Processor 7 | . 10 2 Protection 3 | . . 11 Energy Cannon 11 | . 10 14 Ballistic Gun 3 | . 5 . Ballistic Cannon 11 | . 10 13 Peak Build Rating 17 | 6 10 17 Average Rating 9 | 4 8 13 On Entrance 5 | . 6 10 Naked Turns . | . . . Heaviest Build 34 | 6 34 33 Greatest Support 25 | 20 20 25 Greatest Overweight (x) 2 | . 2 2 Average Overweight (x) 1 | . 1 1 Largest Inventory Capacity 15 | 5 15 15 Average Capacity 10 | 5 12 6 Most Carried 11 | 5 9 11 Average Carried 6 | 2 7 5 Final Capacity 15 | 5 15 5 Final Carried 9 | 5 9 4 Class Distribution -------------------- 94% | Mutant 5% | Scavenger-Mutant Dominant Class ---------------- Mutant | -10/Materials Mutant | -10/Subcaves Resources | -11 -10 -10 ----------- Run | Yrd Mat Sub Matter Collected 708 | 270 341 97 Remotely . | . . . Salvage Created 492 | 40 408 44 Parts 31 | 3 27 1 Haulers Intercepted . | . . . Recyclers Shooed 1 | . 1 . Parts Field Recycled . | . . . Retrieved Matter . | . . . Parts Self-Destructed . | . . . Prevented . | . . . Kills | -11 -10 -10 ------- Run | Yrd Mat Sub Combat Hostiles Destroyed 17 | 1 15 1 Guns 10 | 1 9 . Cannons 7 | . 6 1 Classes Destroyed 5 | 1 3 1 Worker 1 | . 1 . Watcher 1 | . 1 . Swarmer 9 | . 9 . Grunt 7 | 1 6 . Subdweller 1 | . . 1 Best Kill Streak 6 | 1 6 1 Combat Bots Only 6 | 1 6 1 Max Kills in Single Turn 1 | 1 1 1 Gunslinging . | . . . Exploded . | . . . Melee . | . . . Uniques/NPCs Destroyed . | . . . Combat | -11 -10 -10 -------- Run | Yrd Mat Sub Hostile Shots Fired 154 | 6 121 27 Missed 48 | 1 38 9 Damage Taken 1288 | 55 850 383 Core 256 | 22 192 42 Absorbed by Shields . | . . . Core Remaining (%) 91 | 91 . . Volleys Fired 76 | 5 66 5 Largest 2 | 2 2 2 Hottest 107 | 40 107 107 Shots Fired 131 | 10 111 10 Gun 96 | 10 86 . Cannon 35 | . 25 10 Launcher . | . . . Special . | . . . Kinetic 113 | 10 98 5 Thermal 18 | . 13 5 Explosive . | . . . Electromagnetic . | . . . Robot Hit Streak 10 | 4 10 2 Robot Miss Streak 6 | 1 6 2 Penetration Max . | . . . Secondary Targets 2 | . 2 . Max Gunslinging Chain 1 | . 1 . Shots Hit Robots 70 | 7 59 4 Core Hits 32 | 3 27 2 Critical Kills . | . . . Critical Parts Destroyed . | . . . Critical Strikes 1 | . 1 . Blast 1 | . 1 . Melee Attacks . | . . . Impact . | . . . Slashing . | . . . Piercing . | . . . Sneak Attacks . | . . . Combat Hostiles . | . . . Follow-up Attacks . | . . . Damage Inflicted 780 | 55 646 79 Guns 437 | 55 382 . Cannons 343 | . 264 79 Explosions . | . . . Melee . | . . . Ramming . | . . . Kinetic 575 | 55 482 38 Thermal 205 | . 164 41 Explosive . | . . . Electromagnetic . | . . . Impact . | . . . Slashing . | . . . Piercing . | . . . Highest Corruption 2 | . 2 2 Average Corruption 2 | . 2 2 Corruption Purged . | . . . Corruption Blocked . | . . . Effects 17 | . 11 6 Message Errors 6 | . 3 3 Matter Fused 6 | . 5 1 Heat Flow Errors 2 | . 2 . Data Loss (minor) 2 | . . 2 Misfires 1 | . 1 . Overload Shots . | . . . Overflow Damage . | . . . Projectiles . | . . . Explosions . | . . . Melee . | . . . Knockbacks 2 | . 1 1 Impact . | . . . Kinetic 2 | . 1 1 Secondary . | . . . Self-Inflicted Damage . | . . . Shots . | . . . Rammed . | . . . Targets Rammed . | . . . Kicked . | . . . Crushed . | . . . Highest Temperature 275 | 12 275 3 Average Temperature 91 | 7 97 3 Received Heat Transfer 420 | 30 324 66 Siege Activations . | . . . Robots Corrupted . | . . . Combat Hostiles . | . . . Parts Fried . | . . . Impact Corruptions . | . . . Robots Melted . | . . . Combat Hostiles . | . . . Parts Melted 1 | . 1 . Heat Transferred 370 | . 296 74 Parts Sabotaged . | . . . Parts Stolen . | . . . Parts Stripped . | . . . Power Chain Reactions . | . . . Alert | -11 -10 -10 ------- Run | Yrd Mat Sub Peak Influence 203 | 20 203 . Initial 13 | . 13 . Average 59 | 5 64 . Maximum Alert Level 1 | . 1 . Low Security (%) 95 | 100 94 . Level 1 4 | . 5 . Level 2 . | . . . Level 3 . | . . . Level 4 . | . . . Level 5 . | . . . High Security . | . . . Max Security . | . . . Squads Dispatched 2 | . 2 . Investigation . | . . . Extermination . | . . . Reinforcement 2 | . 2 . Assault . | . . . Garrison . | . . . Intercept . | . . . Searches Triggered . | . . . Construction Impeded . | . . . Haulers Reinforced . | . . . Active Scanning Responses . | . . . Cargo Convoy Interrupts . | . . . Stealth | -11 -10 -10 --------- Run | Yrd Mat Sub Distress Signals 3 | . 3 . Communications Jammed . | . . . Distress Signals . | . . . Times Spotted 34 | 1 24 9 Peak Tracking Total 7 | 1 5 7 Tactical Retreats 2 | . 2 . Traps | -11 -10 -10 ------- Run | Yrd Mat Sub Traps Triggered 1 | . 1 . Indirectly . | . . . Trap Hack Attempts . | . . . Triggered . | . . . Disarmed . | . . . Reprogrammed . | . . . Reused . | . . . Traps Extracted . | . . . Installed . | . . . Triggered . | . . . Machines | -11 -10 -10 ---------- Run | Yrd Mat Sub Machines Disabled . | . . . Max in Single Turn . | . . . Machines Repaired . | . . . Machines Dismantled . | . . . Machines Sabotaged . | . . . Overloaded Fab Kills . | . . . Hacking | -11 -10 -10 --------- Run | Yrd Mat Sub Machines Accessed 3 | . 3 . Terminals 3 | . 3 . Fabricators . | . . . Repair Stations . | . . . Recycling Units . | . . . Scanalyzers . | . . . Garrison Access . | . . . Total Hacks 14 | . 14 . Successful 6 | . 6 . Failed 8 | . 8 . Catastrophic 2 | . 2 . Database Lockouts . | . . . Manual . | . . . Terminals 14 | . 14 . Fabricators . | . . . Repair Stations . | . . . Recycling Units . | . . . Scanalyzers . | . . . Garrison Access . | . . . Terminal Hacks 6 | . 6 . Record 1 | . 1 . Robot Analysis 1 | . 1 . Alert Level 1 | . 1 . Locate Traps 1 | . 1 . Security Status 1 | . 1 . Transport Status 1 | . 1 . Fabricator Hacks . | . . . Repair Station Hacks . | . . . Recycling Unit Hacks . | . . . Scanalyzer . | . . . Garrison Access Hacks . | . . . Unauthorized Hacks . | . . . Terminals . | . . . Fabricators . | . . . Repair Stations . | . . . Recycling Units . | . . . Scanalyzers . | . . . Garrison Access . | . . . Data Cores Recovered . | . . . Used . | . . . Hacking Detections 3 | . 3 . Full Trace Events 1 | . 1 . Feedback Events . | . . . Feedback Blocked . | . . . Robot Schematics Acquired . | . . . Robots Built . | . . . Authchips . | . . . Time . | . . . Total Robot Build Rating . | . . . Part Schematics Acquired . | . . . Parts Built . | . . . Authchips . | . . . Time . | . . . Total Part Build Rating . | . . . Parts Repaired . | . . . Time . | . . . Parts Recycled . | . . . Recycled Matter . | . . . Retrieved Matter . | . . . Retrieved Components . | . . . Parts Scanalyzed . | . . . Part Schematics Acquired . | . . . Parts Damaged . | . . . Bothacking | -11 -10 -10 ------------ Run | Yrd Mat Sub Used RIF Installer . | . . . Robots Hacked . | . . . Non-combat . | . . . Combat . | . . . Robot Hacks Applied . | . . . Relay Couplers Released . | . . . Fabnet Peak Effective % . | . . . Robots Rewired . | . . . Allies Hacked . | . . . Hacks Repelled . | . . . Allies | -11 -10 -10 -------- Run | Yrd Mat Sub Total Allies . | . . . Largest Group . | . . . Highest-Rated Group . | . . . Highest-Rated Ally . | . . . Total Orders . | . . . Ally Attacks . | . . . Total Damage . | . . . Kills . | . . . Allies Corrupted . | . . . Allies Melted . | . . . Intel | -11 -10 -10 ------- Run | Yrd Mat Sub Robot Analysis Total 1 | . 1 . Derelict Logs Recovered . | . . . Drone Launches . | . . . Drone Recoveries . | . . . Exploration | -11 -10 -10 ------------- Run | Yrd Mat Sub Turns Passed 2769 | 177 1762 830 Spaces Moved 1598 | 170 990 438 Core 30 | 24 6 . Treads . | . . . Legs 575 | . 331 244 Wheels 247 | 146 101 . Hover 745 | . 551 194 Flight 1 | . 1 . Fastest Speed 50 | 50 80 116 Average Speed 155 | 75 156 183 Slowest Speed 190 | 80 190 190 Overloaded Moves . | . . . Propulsion Burnouts . | . . . Robots Hopped . | . . . Cave-ins Triggered . | . . . Exploration Rate (%) 35 | 7 90 8 Regions Visited 2 Branch Regions 1 Pre-discovered Areas . | . . . Known Exits Taken . | . . . Unknown Exits Taken 2 | 1 1 . Scrap Searched . | . . . Spaces Dug . | . . . Terrain Destroyed 3 | . 3 . Melee . | . . . Projectile 3 | . 3 . AOE . | . . . Terrain Rammed . | . . . Walls Destroyed . | . . . Machines Disabled . | . . . Actions | -11 -10 -10 --------- Run | Yrd Mat Sub Total 1776 | 208 1110 458 Wait 27 | 19 8 . Move 1596 | 169 989 438 Hop . | . . . Pick Up 30 | 9 16 5 Fast Attach 8 | 2 5 1 Attach 11 | 4 6 1 Detach 3 | . 2 1 Swap 9 | . 8 1 Drop 16 | . 10 6 Fire 76 | 5 66 5 Melee . | . . . Ram . | . . . Kick . | . . . Crush . | . . . Escape Stasis . | . . . Rewire . | . . . Trap . | . . . Miscellaneous . | . . . Route ------- -11/Scrapyard -10/Materials (discovered 5 exits: [*Mat x3] / [*Min] / [*Sub]) -10/Subcaves History --------- Turn | Location | Event 2 | -11/Scrapyard | Met Revision 17 81 | -11/Scrapyard | Discovered new exit (range 8) 178 | -11/Scrapyard | Entered Materials 308 | -10/Materials | Build established: Mutant 443 | -10/Materials | Core integrity fell below 50% 471 | -10/Materials | Core integrity fell below 20% 507 | -10/Materials | Lost 6 parts (1p2n1u2w) 545 | -10/Materials | Discovered new exit (range 15) 635 | -10/Materials | Discovered new exit (range 15) 1086 | -10/Materials | Discovered new exit (range 12) 1398 | -10/Materials | Discovered new exit (range 5) 1895 | -10/Materials | Discovered new exit (range 8) 1940 | -10/Materials | Entered Subcaves 2741 | -10/Subcaves | Ambushed by swarm of Subdwellers 2770 | -10/Subcaves | Destroyed by IB-1W8(R) with Subdweller Laser Last Messages --------------- Subatomizers dissect the Aluminum Leg. System corrupted: Component data lost. 32-CS1(R) knocked back. Subatomizers dissect the Aluminum Leg. 32-CS1(R) destroyed. Acquired 44 matter. Subatomizers dissect the Aluminum Leg. Acquired 5 matter. Acquired 31 matter. Dropped Aluminum Leg. Acquired Myomer Leg. Dropped Hover Unit. Acquired 3 matter. Acquired 7 matter. Acquired 4 matter. Subatomizers dissect the Hover Unit. Subatomizers dissect the Sub. Machine Gun. Subatomizers dissect the Aluminum Leg. Critical hit (Destroy). Imp. Light Cannon destroyed. Map ----- +----------------------------------------------------+ | | | | | | | | | | | | | ?????????????????????????????????????????????????? | | ?????????????????????????????????????????????????? | | ?????????????????????????????????????????????????? | | ?????????????????????????????????????????????????? | | ?????????????????????????????????????????????????? | | ?????????????????????????????????????????????????? | | ?????????????????????????????????????????????????# | | ?????????????????????????????????????????????????# | | ?????????????????????????????????????????????????+ | | ?????????????????????????????????????????????????# | | ?????????????????????????????????????????????????? | | ?????????????????????????????????????????????????# | | ????????????????????????????????????????????###### | | ????????????????????????????????????????????# # | | ?????????????###??##????????????????????????## | | ????????????? ## #???###########?????????#" ## | | ?????????????? #### ## ##%"#???????###" "# | | ???????????????# """ ^ ^RR [%##????### " ]= | | ???????????????# ^ "" "" # ### ###### ! | | ???????????????# =^^" @ ##### ## # | | ???????????????# ^"^# ## ## %# & ## | | ??????????? ###RRR# "= [ ##? | | ??????????? #?# R###"""" ###?? | | ???????????? # # #??## " """# # ##???? | | ????????????????# #???#"""# ### #????? | | ????????????????###??? "" ###" #????# | | ?????????????????????"! ##?# # ##???## | | ????????????????????"""## ??#### # #### ###?# | | ????????????????????""#?"""?????#####??# #?## | | ????????????????????????#""????????????## ##??# | | ????????????????????????"""?????????????### #???? | | ??????????????????????????????????????????## #???? | | ?????????????????????????????????????????## ##??? | | ?????????????????????????????????????????# #?## | | ?????????????????????????????????????????# ### | | ?????????????????????????????????????????# | | ?????????????????????????????????????????## | | ??????????????????????????????????????????## # ## | | ???????????????????????????????????????????####### | | ?????????????????????????????????????????????????? | | ?????????????????????????????????????????????????? | | ?????????????????????????????????????????????????? | | ?????????????????????????????????????????????????? | | ?????????????????????????????????????????????????? | +----------------------------------------------------+ Best States ------------- Heat Dissipation 35 Energy Generation 10 Energy Capacity 250 Matter Stores 300 Matter Capacity 300 Sight Range 16 Terrain Scan Density 10 Armor Coverage 800 Evasion (%) 55 Targeting Accuracy 5 Item Schematics ----------------- None Robot Schematics ------------------ None Fabricated ------------ Nothing Alien Tech Used ----------------- None Achievements -------------- Crack Shot Storm Trooper Uninvited Guest Challenges ------------ None Game ------ Seed DeuteriumEnergyHammer Manual? 0 Play Time 00:29:19 Cumulative 0.9 hours Start 2024.11.19 @ 21:48:11 End 2024.11.19 @ 22:18:30 Sessions 3 Manual Loads 0 Difficulty Rogue Special Mode None Game No. 2 Rogue 2 Adventurer 0 Explorer 0 Win Type - Total 0 Types 0/0/0/0/0/0/0/0/0 Lore% 0 Gallery% 1 Achievement% 1 Wizard Run 0 Options --------- Layout 0 ASCII 0 Keyboard 1 Movement Vi Keybinds 0 Fullscreen 1 Font 24/Smallcaps Map View 76x50 Zoom Use 0% Tactical HUD 0 Map Filters NONE Filters NONE Steam 1 RUN: bb64cf4c-9660-44c3-8666-d73a1f612ca7